 Dungeon Crawl Stone Soup version 0.23.2-40-g277498a001 (webtiles) character file.

Game seed: 12522294177037830230

392 FishyPogo the Skirmisher (level 6, -8/56 HPs)
             Began as a Minotaur Monk on Sept 21, 2019.
             Was a Believer of the Shining One.
             Mangled by Pikel
             ... wielding a +2 whip of electrocution
              (14 damage)
             ... on level 4 of the Dungeon.
             The game lasted 00:09:49 (2974 turns).

FishyPogo the Skirmisher (Minotaur Monk)            Turns: 2974, Time: 00:09:50

Health: -8/56      AC:  4    Str: 17    XL:     6   Next: 51%
Magic:  6/6        EV: 11    Int:  7    God:    the Shining One [**....]
Gold:   136        SH: 15    Dex: 13    Spells: 5/5 levels left

rFire    . . .     SeeInvis .   a - +0 falchion
rCold    . . .     Gourm    .   s - +0 shield
rNeg     + . .     Faith    .   i - +0 leather armour
rPois    .         Spirit   .   (helmet restricted)
rElec    .         Reflect  .   (no cloak)
rCorr    .         Harm     .   (no gloves)
MR       .....                  f - +0 pair of boots
Stlth    +.........             (no amulet)
HPRegen  0.18/turn              (no ring)
MPRegen  0.10/turn              (no ring)

@: divine shield, glowing
A: retaliatory headbutt, horns 2
a: Divine Shield, Renounce Religion


You were on level 4 of the Dungeon.
You worshipped the Shining One.
The Shining One was pleased with you.
You were not hungry.

You visited 1 branch of the dungeon, and saw 4 of its levels.

You collected 136 gold pieces.

Inventory:

Hand Weapons
 a - a +0 falchion (weapon)
 p - a +1 short sword of draining
Missiles
 d - 114 stones (quivered)
 u - a throwing net
Armour
 f - a +0 pair of boots (worn)
 i - a +0 leather armour (worn)
 s - a +0 shield (worn)
Scrolls
 e - a scroll of fear {unknown}
 g - 4 scrolls of identify {unknown}
 h - 2 scrolls of remove curse
 k - a scroll of immolation {unknown}
 m - 4 scrolls of teleportation {unknown}
 n - a scroll of enchant armour {unknown}
 o - a scroll of blinking {unknown}
 r - a scroll of enchant weapon {unknown}
 t - a scroll of magic mapping {unknown}
Comestibles
 c - 8 rations
 l - 8 chunks of flesh


   Skills:
 + Level 5.3 Fighting
 - Level 4.0 Long Blades
 + Level 1.8 Throwing
 + Level 3.1 Armour
 + Level 4.8 Dodging
 - Level 1.5 Stealth
 * Level 2.1 Shields
 + Level 2.0 Invocations


You had 5 spell levels left.
You didn't know any spells.
Your spell library was empty.

Dungeon Overview and Level Annotations

Branches:
Dungeon (4/15)
 Temple: D:4-7

Altars:
Hepliaklqana
Nemelex Xobeh
Trog
The Shining One

Annotations:
D:4 Pikel


Innate Abilities, Weirdness & Mutations

You reflexively headbutt those who attack you in melee.
You have a pair of horns on your head.


Message History

That felt strangely unrewarding.
Pikel hits you with a +2 whip of electrocution.
* * * LOW HITPOINT WARNING * * *
Pikel hits you with a +2 whip of electrocution.
* * * LOW HITPOINT WARNING * * *
You are electrocuted!
The Shining One protects you from harm!
You hit Pikel.
Pikel is almost dead.
You block Pikel's attack.
You hit Pikel.
Pikel is almost dead.
Pikel hits you with a +2 whip of electrocution!
* * * LOW HITPOINT WARNING * * *
You hit Pikel. You headbutt Pikel, but do no damage.
Pikel is almost dead.
Pikel hits you with a +2 whip of electrocution.
* * * LOW HITPOINT WARNING * * *
You are electrocuted!
You die...

.......## ####. ......#
#.... #...#########.##.
#...#.........###
#...#............
#...#........#### #.
#................
...#.######..[#############
#.#.#..).@K.## #........
#...#.....[.# #.######.
#..........######.# #....
#...............#.# #....
#...............#.# #....
#...............#.# #....
#.>.............#.# #....
#.................# #....
#...#'##........### #....


You could see Pikel.

Vanquished Creatures
  4 slaves
  An ogre (D:4)
  A centaur (D:2)
  2 orc wizards
  A worker ant (D:4)
  3 gnolls (D:4)
  3 adders
  2 worms (D:2)
  2 dart slugs
  5 leopard geckos
  6 orcs
  5 bats
  3 giant cockroaches
  8 goblins
  6 hobgoblins (D:2)
  4 jackals
  2 quokkas
  2 ball pythons
  3 frilled lizards
  10 kobolds
  A quokka skeleton (D:4)
  6 rats
80 creatures vanquished.

Vanquished Creatures (others)
  A frilled lizard (D:1)
1 creature vanquished.

Grand Total: 81 creatures vanquished

Notes
Turn   | Place    | Note
-------+----------+-------------------------------------------
     0 | D:1      | FishyPogo the Minotaur Monk began the quest for the Orb.
     0 | D:1      | Reached XP level 1. HP: 19/19 MP: 0/0
   146 | D:1      | Reached XP level 2. HP: 21/27 MP: 1/1
   403 | D:1      | Reached skill level 1 in Armour
   438 | D:1      | Reached skill level 4 in Fighting
   956 | D:3      | Found a glowing golden altar of the Shining One.
   970 | D:3      | Became a worshipper of the Shining One
   970 | D:3      | Reached * piety under the Shining One
   970 | D:3      | Reached ** piety under the Shining One
   975 | D:3      | Reached XP level 3. HP: 24/33 MP: 2/2
  1197 | D:2      | Noticed a centaur
  1207 | D:2      | Killed a centaur
  1207 | D:2      | Reached skill level 1 in Throwing
  1207 | D:2      | Reached skill level 1 in Invocations
  1207 | D:2      | Reached XP level 4. HP: 18/41 MP: 3/3
  1387 | D:2      | Found a faded altar of an unknown god.
  1457 | D:2      | Reached XP level 5. HP: 47/47 MP: 4/4
  1627 | D:2      | Found a sparkling altar of Nemelex Xobeh.
  1966 | D:3      | Reached skill level 5 in Fighting
  2025 | D:3      | Found a hazy altar of Hepliaklqana.
  2224 | D:3      | Found a bloodstained altar of Trog.
  2309 | D:4      | Noticed an ogre
  2346 | D:4      | Noticed a slave
  2346 | D:4      | Noticed a slave
  2347 | D:4      | Noticed Pikel
  2359 | D:4      | Noticed a slave
  2370 | D:3      | Killed a slave
  2456 | D:4      | Reached skill level 1 in Shields
  2464 | D:4      | Killed an ogre
  2464 | D:4      | Reached XP level 6. HP: 40/56 MP: 3/6
  2561 | D:4      | Noticed a slave
  2580 | D:4      | Killed a slave
  2943 | D:4      | Killed a slave
  2971 | D:4      | Killed a slave
  2971 | D:4      | The Shining One protects you from harm!
  2974 | D:4      | Mangled by Pikel

Skill      XL: |  1  2  3  4  5  6 |
---------------+-------------------+-----
Armour         | 1 2 3 |  3.1
Fighting       | 4 5 |  5.3
Long Blades    | 4 |  4.0
Throwing       | 1 |  1.8
Dodging        | 4 |  4.8
Invocations    | 1 2 |  2.0
Shields        | 1 2 |  2.1
Stealth        | |  1.5

Action                   |  1- 3 |  4- 6 || total
-------------------------+-------+-------++-------
Melee: Falchion          |    51 |   142 ||   193
       Headbutt          |     6 |    37 ||    43
Throw: Stone             |     2 |    13 ||    15
Invok: Divine Shield     |       |     2 ||     2
  Use: Potion            |     1 |     3 ||     4
       Scroll            |       |     1 ||     1
 Stab: Sleeping          |     3 |       ||     3
  Eat: Chunk             |     1 |     6 ||     7
Armor: Robe              |     2 |       ||     2
       Leather armour    |    12 |    23 ||    35
Dodge: Dodged            |    60 |    69 ||   129
Block: Shield            |       |    53 ||    53
       Rpst.: Falchion   |    15 |    20 ||    35
